 Dungeon Crawl Stone Soup version 0.26-a0-695-g987792ac36 (webtiles) character file.

Game seed: 16851417212689148090

662 marklar909 the Chopper (level 7, 0/62 HPs)
             Began as a Hill Orc Monk on Oct 26, 2020.
             Slain by a centaur (8 damage)
             ... on level 5 of the Dungeon.
             The game lasted 00:05:32 (5809 turns).

marklar909 the Chopper (Hill Orc Monk)              Turns: 5809, Time: 00:05:33

Health: 0/62       AC:  6    Str: 16    XL:     7   Next: 56%
Magic:  7/7        EV: 11    Int: 10    God:
Gold:   123        SH:  4    Dex: 13    Spells: 6/6 levels left

rFire    + . .     SeeInvis .   a - +1 hand axe
rCold    + . .     Faith    .   m - +0 buckler
rNeg     . . .     Spirit   .   k - +0 ring mail
rPois    .         Reflect  .   h - +0 helmet
rElec    .         Harm     .   d - scarf {rC+ rF+}
rCorr    .         Rampage  .   (no gloves)
MR       .....                  (no boots)
Stlth    +.........             (no amulet)
HPRegen  0.20/turn              (no ring)
MPRegen  0.10/turn              (no ring)

@: no status effects
A: no striking features
a: no special abilities


You were on level 5 of the Dungeon.
You visited 1 branch of the dungeon, and saw 5 of its levels.

You collected 123 gold pieces.

Inventory:

Hand Weapons
 a - a +1 hand axe (weapon)
 q - a +0 war axe
Armour
 d - a scarf of resistance (worn)
 h - a +0 helmet (worn)
 k - a +0 ring mail (worn)
 m - a +0 buckler (worn)
Wands
 o - a wand of acid (9)
 p - a wand of polymorph (5)
 r - a wand of disintegration (19)
Scrolls
 b - a scroll of immolation {unknown}
 c - a scroll of fear
 g - a scroll of identify
 s - a scroll of amnesia
 t - a scroll of remove curse
Potions
 e - a potion of flight
 f - 2 potions of curing
 i - 2 potions of mutation {unknown}
 j - a potion of stabbing {unknown}
 l - 2 potions of might {unknown}
 n - a potion of invisibility {unknown}


   Skills:
 + Level 5.7 Fighting
 + Level 7.6 Axes
 + Level 3.3 Armour
 + Level 3.3 Dodging
 + Level 2.3 Stealth
 + Level 1.3 Shields


You had 6 spell levels left.
You didn't know any spells.
Your spell library was empty.

Dungeon Overview and Level Annotations

Branches:
Dungeon (5/15)
 Temple: D:4-7

Altars:
Fedhas
Kikubaaqudgha
Okawaru
Ru
Sif Muna

Annotations:
D:3 Grinder


Message History

The centaur barely misses you.
Unknown command.
You hit the centaur.
The centaur is heavily wounded.
The centaur hits you.
* * * LOW HITPOINT WARNING * * *
The centaur hits you.
* * * LOW HITPOINT WARNING * * *
Unknown command.
You closely miss the centaur.
The centaur is heavily wounded.
The centaur hits you but does no damage.
Unknown command.
You feel better. The centaur hits you.
* * * LOW HITPOINT WARNING * * *
Unknown command.
You barely miss the centaur.
The centaur is heavily wounded.
The centaur hits you!
You die...

#######..............#.#
#..#############.#
#.(..............#
#.(###############
#.(....... .......
#.(#####.! ####### #.(#
+...... #(.# ###### #@)#
#... #c.# #.## ...# #.##
###.# #.## #.# #.# #.#
#.## .. #... .# ####


You could see a centaur.

Vanquished Creatures
  A phantom (D:4)
  2 ogres
  A centaur (D:5)
  A hound (D:4)
  2 orc wizards
  Jessica (D:2)
  4 worker ants (D:4)
  2 adders
  4 worms
  5 dart slugs
  2 leopard geckos
  9 orcs
  9 bats
  8 giant cockroaches
  4 goblins
  5 hobgoblins
  10 jackals
  10 kobolds
  6 frilled lizards
  5 rats
91 creatures vanquished.

Notes
Turn   | Place    | Note
-------+----------+-------------------------------------------
     0 | D:1      | marklar909 the Hill Orc Monk began the quest for the Orb.
     0 | D:1      | Reached XP level 1. HP: 19/19 MP: 1/1
   187 | D:1      | Reached XP level 2. HP: 19/27 MP: 2/2
   553 | D:1      | Reached XP level 3. HP: 31/34 MP: 3/3
  1212 | D:2      | Noticed Jessica
  1222 | D:2      | Killed Jessica
  1222 | D:2      | Reached XP level 4. HP: 38/41 MP: 4/4
  1588 | D:2      | Reached skill level 5 in Axes
  1973 | D:2      | Found an iron altar of Okawaru.
  1973 | D:2      | Found an ancient bone altar of Kikubaaqudgha.
  2644 | D:3      | Found a faded altar of an unknown god.
  2871 | D:3      | Reached XP level 5. HP: 39/47 MP: 5/5
  3283 | D:3      | Reached skill level 6 in Axes
  3388 | D:3      | Noticed Grinder
  3765 | D:3      | Found a shimmering blue altar of Sif Muna.
  3765 | D:3      | Found a sacrificial altar of Ru.
  3936 | D:4      | Noticed an ogre
  3946 | D:3      | Killed an ogre
  3946 | D:3      | Reached skill level 5 in Fighting
  3946 | D:3      | Reached skill level 1 in Armour
  3946 | D:3      | Reached skill level 1 in Shields
  3946 | D:3      | Reached XP level 6. HP: 30/56 MP: 6/6
  4319 | D:4      | Noticed a phantom
  4607 | D:4      | Killed a phantom
  4684 | D:4      | Reached XP level 7. HP: 50/61 MP: 7/7
  4921 | D:4      | Reached skill level 7 in Axes
  5430 | D:4      | Found a blossoming altar of Fedhas.
  5560 | D:5      | Entered Level 5 of the Dungeon
  5806 | D:5      | HP: 2/62 [centaur (4)]
  5809 | D:5      | Slain by a centaur

Illustrated notes

Levels and vault maps discovered:
D:1:      minmay_arrival_five_plusses, layout_loops_corners
D:2:      layout_loops_ring, gammafunk_temple_overflow_wave, uniq_jessica
D:3:      layout_basic, gammafunk_temple_overflow_elements,
          chequers_ecumenical_altar_twisty, uniq_grinder
D:4:      layout_loops_ring, kennysheep_mini_moat
D:5:      layout_basic, grunt_temple_overflow_gold_and_silver,
          lemuel_crystal_altar, minmay_temple_entry_stoned_glass,
          gup_sewer_entry_bubbles, grunt_ministairs_15, corexii_shack

Skill      XL: |  1  2  3  4  5  6  7 |
---------------+----------------------+-----
Fighting       | 4 5 |  5.7
Axes           | 5 6 7 |  7.6
Stealth        | 2 |  2.3
Dodging        | 3 |  3.3
Armour         | 1 2 3 |  3.3
Shields        | 1 |  1.3

Action                   |  1- 3 |  4- 6 |  7- 9 || total
-------------------------+-------+-------+-------++-------
Melee: Hand axe          |    72 |   291 |    66 ||   429
  Use: Scroll            |     1 |     6 |     1 ||     8
       Potion            |       |     1 |     2 ||     3
 Stab: Sleeping          |     2 |     4 |       ||     6
       Distracted        |     1 |       |       ||     1
Armor: Robe              |    11 |    22 |       ||    33
       Ring mail         |       |    71 |    23 ||    94
Dodge: Dodged            |    48 |   180 |    35 ||   263
Block: Buckler           |       |    29 |    14 ||    43

Table legend: (Time is in decaauts)
 A = Elapsed time spent in this place.
 B = Non-inter-level travel time spent in this place.
 C = Inter-level travel time spent in this place.
 D = Time resting spent in this place.
 E = Time spent auto-exploring this place.
 F = Levels seen in this place.
 G = Mean time per level.
                   A        B        C        D        E       F      G
               +--------+--------+--------+--------+--------+-----+--------+
         Total |   5824 |   5588 |    236 |    855 |   3847 |   5 | 1164.8 |
       Dungeon |   5824 |   5588 |    236 |    855 |   3847 |   5 | 1164.8 |
               +--------+--------+--------+--------+--------+-----+--------+

Top non-repeatable levels by time:
     D:3: 1841 daAuts
     D:1: 1422 daAuts
     D:2: 1168 daAuts
     D:4: 1142 daAuts
     D:5: 248 daAuts
